 Seeded DCSS version 0.30-a0-218-gedb9141078 (webtiles) character file.

Game seed: 3736021085809959607 (custom seed)

43581 purpskrrrp the Brawler (level 13, 0/122 HPs)
             Began as a Troll Fighter on Oct 6, 2022.
             Was a High Priest of Cheibriados.
             Slain by a komodo dragon (16 damage)
             ... while paralysed by a floating eye
             ... on level 2 of the Lair of Beasts.
             The game lasted 00:29:11 (14734 turns).

purpskrrrp the Brawler (Troll Fighter)             Turns: 14734, Time: 00:29:12

Health: 0/122      AC: 12    Str: 41 (42) XL:     13   Next: 91%
Magic:  11/12      EV:  1    Int: 11      God:    Cheibriados [*****.]
Gold:   5473       SH:  0    Dex: 20      Spells: 12/12 levels left

rFire   . . .      SeeInvis +      - Unarmed
rCold   x . .      Faith    .    S - +10 tower shield of Ignorance {rN+ Int-4}
rNeg    + . .      Spirit   .    N - +4 storm dragon scales "Seih" {rElec rC- SInv Stlth+}
rPois   .          Reflect  +    (helmet restricted)
rElec   +          Harm     .    m - +1 cloak
rCorr   .          Rampage  .    (gloves unavailable)
Will    .....                    (boots unavailable)
Stlth   ..........               d - amulet of reflection
HPRegen 1.20/turn                A - +4 ring of protection
MPRegen 0.13/turn                h - +4 ring of slaying

@: paralysed, corroded, studying Dodging, very slow
A: large, unfitting armour, claws 3, regeneration 1, shaggy fur 1, tough skin 1
a: Renounce Religion, Bend Time, Temporal Distortion, Slouch, Step From Time


You were on level 2 of the Lair of Beasts.
You worshipped Cheibriados.
Cheibriados was extremely pleased with you.
You visited 3 branches of the dungeon, and saw 17 of its levels.
You also visited: Sewer and Bailey.

You collected 6344 gold pieces.
You spent 871 gold pieces at shops.

Inventory:

Missiles
 F - 5 throwing nets (quivered)
Armour
 a - a +0 robe
 b - a +0 kite shield
 m - a +1 cloak (worn)
 y - +0 steam dragon scales
 I - a scarf of harm
 M - a +0 troll leather armour
 N - the +4 storm dragon scales "Seih" (worn) {rElec rC- SInv Stlth+}
   (You found it on level 10 of the Dungeon)

   rC:        It makes you vulnerable to cold.
   rElec:     It insulates you from electricity.
   SInv:      It lets you see invisible.
   Stlth:     It makes you more stealthy.
 S - the +10 tower shield of Ignorance (worn) {rN+ Int-4}
   (You bought it in a shop on level 14 of the Dungeon)

   Int:       It affects your intelligence (-4).
   rN:        It protects you from negative energy.
Jewellery
 d - an amulet of reflection (around neck)
 h - a +4 ring of slaying (right claw)
 p - a ring of resist corrosion
 u - a +6 ring of dexterity
 A - a +4 ring of protection (left claw)
 C - an amulet of regeneration
 H - a ring of poison resistance
 J - a +4 ring of protection
 K - a ring of wizardry
 L - a +6 ring of strength
 R - an amulet of magic regeneration
 T - a +6 ring of strength
Wands
 t - a wand of flame (8)
 B - a wand of polymorph (13)
 D - a wand of iceblast (13)
 G - a wand of paralysis (20)
Scrolls
 l - 2 scrolls of vulnerability
 o - 6 scrolls of noise
 q - 4 scrolls of butterflies
 w - 4 scrolls of teleportation
 O - a scroll of brand weapon
 P - 9 scrolls of identify
 Q - 3 scrolls of poison
 U - a scroll of magic mapping
 V - a scroll of blinking
Potions
 c - 4 potions of might
 e - 2 potions of ambrosia
 f - a potion of haste
 g - 4 potions of attraction
 i - 10 potions of curing
 j - 3 potions of lignification
 k - 3 potions of berserk rage
 n - 3 potions of mutation
 r - 3 potions of degeneration
 s - 8 potions of flight
 v - 2 potions of cancellation
 x - a potion of magic
 z - 6 potions of heal wounds
 E - a potion of resistance


   Skills:
 + Level 6.5 Fighting
 + Level 5.8 Armour
 + Level 8.8 Dodging
 + Level 11.3 Shields
 * Level 17.6 Unarmed Combat


You had 12 spell levels left.
You didn't know any spells.
Your spell library contained the following spells:

 Spells                   Type           Power      Damage    Failure   Level
 Beastly Appendage        Tmut           0%         N/A       99%         1
 Foxfire                  Conj/Fire      0%         2x1d4     99%         1
 Necrotise                Necr           0%         1d4       99%         1
 Wereblood                Tmut           0%         N/A       99%         2
 Kindle Blastsparks       Fire/Tloc/Air  0%         2d10      100%        3
 Ozocubu's Armour         Ice            0%         N/A       100%        3
 Spider Form              Tmut/Pois      0%         N/A       100%        3
 Vampiric Draining        Necr           0%         2d6       100%        3
 Airstrike                Air            0%         2d(0-16)  100%        4
 Fulminant Prism          Conj/Hex       0%         3d6       100%        4
 Iskenderun's Mystic Bla  Conj/Tloc      0%         2d3       100%        4
 Summon Lightning Spire   Summ/Air       0%         N/A       100%        4
 Agony                    Necr           0%         N/A       100%        5
 Fireball                 Conj/Fire      0%         3d3       100%        5
 Lee's Rapid Deconstruct  Erth           0%         3d5*      100%        5
 Lightning Bolt           Conj/Air       0%         1d11      100%        5
 Metabolic Englaciation   Hex/Ice        0%         N/A       100%        5
 Simulacrum               Ice/Necr       0%         N/A       100%        6
 Starburst                Conj/Fire      0%         6d3       100%        6


Dungeon Overview and Level Annotations

Branches:
Dungeon (14/15)            Temple (1/1) D:7            Lair (2/5) D:11
    Orc (0/2) D:11         Vaults (0/5) D:13          Sewer (visited)
 Bailey (visited)
  Swamp: Lair:2-3    Shoals: Lair:2-3     Snake: Lair:2-3    Spider: Lair:2-3

Altars:
Ashenzari
Cheibriados
Dithmenos
Elyvilon
Fedhas
Gozag
Hepliaklqana
Kikubaaqudgha
Makhleb
Nemelex Xobeh
Okawaru
Qazlal
Ru
Sif Muna
Trog
Uskayaw
Vehumet
Wu Jian
Xom
Yredelemnul
Zin
The Shining One

Shops:
D:6 [   D:8 [   D:14 ([[*:

Portals:
Trove: D:13 (show slimy rune of Zot)

Annotations:
D:10 exclusion: orange crystal statue
D:14 exclusion: ice statue
Lair:2 exclusion: 3 oklob plants


Innate Abilities, Weirdness & Mutations

You are too large for most types of armour.
You have claws for hands.
Your natural rate of healing is unusually fast.
You are covered in fur. (AC +1)
You have tough skin. (AC +1)


Message History

Marking area around an oklob plant as unsafe for travelling.
Found a plate armour.
The oklob plant spits acid at you. The splash of acid hits you!
The floating eye gazes piercingly through you!
You suddenly lose the ability to move!
The oklob plant spits acid at you. The splash of acid hits you!
The floating eye's stare focuses on you.
You can move again.
Unknown command.
An oklob plant and a komodo dragon come into view.
The komodo dragon hisses angrily.
Marking area around an oklob plant as unsafe for travelling.
Found a scroll of butterflies.
The floating eye gazes piercingly through you!
You shrug off the repeated paralysis!
The floating eye seems to glare at you. The oklob plant spits acid at you.
The splash of acid hits you! The acid corrodes you!
You scratch the oklob plant but do no damage.
You eviscerate the oklob plant!!!
The oklob plant is severely damaged.
The oklob plant spits acid at you. The splash of acid hits you!!
The acid corrodes you!
You claw the oklob plant!
The oklob plant is almost destroyed.
You claw the oklob plant!
You destroy the oklob plant!
Cheibriados appreciates the change of pace.
The floating eye gazes piercingly through you!
You suddenly lose the ability to move!
The komodo dragon bites you!
* * * LOW HITPOINT WARNING * * *
The komodo dragon bites you.
* * * LOW HITPOINT WARNING * * *
The oklob plant spits acid at you. The splash of acid hits you!!
* * * LOW HITPOINT WARNING * * *
The komodo dragon bites you!
You die...

..###..........
...P............
.................
............PPP..
..........PP)P..
##.#.....PP..PPP
#^.......PP.P[P.
#....l@.PG.PP.
#.......PP>.P.
###........PPPP.
#.###.#.........P...
...................?
.......<........$...
....................
.........+..........
......<..P###......


You could see 3 oklob plants, a komodo dragon and a floating eye.

Vanquished Creatures
  Snorg (D:11)
  Harold (D:11)
  Erolcha (D:13)
  A vault guard (D:13)
  A catoblepas (D:14)
  6 boulder beetles
  5 centaur warriors
  2 tengu warriors (D:14)
  5 two-headed ogres
  Sonja (D:13)
  Urug (D:12)
  A deep elf pyromancer (D:13)
  A manticore (D:13)
  An oklob plant (Lair:2)
  3 slime creatures (D:12)
  11 ugly things
  3 cyclopes
  Maurice (D:11)
  Joseph (D:7)
  A torpor snail (Lair:1)
  A cane toad (Lair:1)
  2 gargoyles (D:13)
  A yaktaur (D:13)
  2 komodo dragons (Lair:1)
  2 unseen horrors
  2 kobold demonologists (D:11)
  A tengu conjurer (D:14)
  A rime drake (Lair:1)
  5 trolls
  A hornet (D:9)
  A shadow (D:11)
  Eustachio (D:4)
  5 wyverns
  A centaur simulacrum (D:13)
  3 vampires
  A water elemental (D:14)
  2 wraiths
  4 basilisks
  9 vampire mosquitoes
  29 yaks
  Grum (D:9)
  2 steam dragons
  8 water moccasins
  An acid dragon (D:12)
  The ghost of glaedl the Ruffian, an amateur TrCK of Xom (D:3)
  2 sky beasts (D:7)
  9 orc warriors
  6 black bears
  6 centaurs
  16 wolves
  2 ogres
  7 kobold brigands
  Blork the orc (D:6)
  6 bullfrogs
  A necrophage (D:7)
  3 gnoll sergeants
  2 scorpions
  11 wights (D:7)
  A howler monkey (D:5)
  An iron imp (D:10)
  3 hounds
  6 jellies
  Crazy Yiuf (D:6)
  A gnoll bouda (D:8)
  6 orc priests
  2 iguanas (D:6)
  Terence (D:3)
  A hell rat (Sewer)
  2 orc wizards
  16 gnolls
  5 adders
  3 river rats (Sewer)
  2 shadow imps
  A white imp (D:6)
  3 ufetubi
  A worm (D:3)
  A dart slug (D:1)
  28 orcs
  8 endoplasms
  2 giant cockroaches
  7 hobgoblins
  4 quokkas
  4 ball pythons
  8 bats
  4 frilled lizards
  6 goblins
  33 kobolds
  9 rats
377 creatures vanquished.

Vanquished Creatures (others)
  A wizard (D:14)
  A steam dragon (D:9)
  51 fungi
  44 plants
97 creatures vanquished.

Grand Total: 474 creatures vanquished

Notes
Turn   | Place    | Note
-------+----------+-------------------------------------------
     0 | D:1      | purpskrrrp the Troll Fighter began the quest for the Orb.
     0 | D:1      | Reached XP level 1. HP: 22/22 MP: 0/0
    64 | D:1      | Found a faded altar of an unknown god.
   329 | D:1      | Reached XP level 2. HP: 29/29 MP: 1/1
   490 | D:1      | Reached skill level 3 in Unarmed Combat
   805 | D:1      | Prayed at the altar of an unknown god.
   805 | D:1      | Became a worshipper of Nemelex Xobeh the Trickster
   805 | D:1      | Reached * piety under Nemelex Xobeh
   805 | D:1      | Received a gift from Nemelex Xobeh
  1551 | D:2      | Reached XP level 3. HP: 33/36 MP: 2/2
  1705 | D:2      | Reached skill level 4 in Unarmed Combat
  1866 | D:3      | Noticed Terence
  1871 | D:3      | Killed Terence
  1872 | D:3      | Reached XP level 4. HP: 44/44 MP: 3/3
  1878 | D:3      | Found a runed translucent door.
  1884 | D:3      | Noticed glaedl's ghost (amateur TrCK)
  1975 | D:3      | Received a gift from Nemelex Xobeh
  2064 | D:3      | Reached ** piety under Nemelex Xobeh
  2331 | D:3      | Reached skill level 5 in Unarmed Combat
  2337 | D:3      | Killed glaedl's ghost
  2338 | D:3      | Reached XP level 5. HP: 10/50 MP: 4/4
  2434 | D:4      | Reached skill level 6 in Unarmed Combat
  2442 | D:4      | Found a glowing drain.
  2453 | Sewer    | Entered a sewer
  2492 | Sewer    | Reached XP level 6. HP: 52/59 MP: 5/5
  2686 | D:4      | Reached skill level 7 in Unarmed Combat
  2697 | D:4      | Received a gift from Nemelex Xobeh
  2735 | D:4      | Found a bloodstained altar of Trog.
  2857 | D:4      | Noticed Eustachio
  2864 | D:4      | Killed Eustachio
  2865 | D:4      | Reached XP level 7. HP: 62/66 MP: 6/6
  2901 | D:4      | Identified the +7 hand axe of the Middle {vorpal, rC+}
  3026 | D:4      | Reached skill level 8 in Unarmed Combat
  3064 | D:5      | Entered Level 5 of the Dungeon
  3137 | D:5      | Found a basalt altar of Yredelemnul.
  3139 | D:5      | Noticed a profane servitor
  3187 | D:5      | Identified the +6 quarterstaff of Narrow Action {drain,
                  | *Corrode Will+ Str+2 Int+3}
  3301 | D:5      | Found a sacrificial altar of Ru.
  3506 | D:5      | Reached *** piety under Nemelex Xobeh
  3653 | D:5      | Found a glowing golden altar of the Shining One.
  3877 | D:5      | Noticed an angel
  3930 | D:5      | Reached skill level 9 in Unarmed Combat
  4032 | D:6      | Reached XP level 8. HP: 59/74 MP: 7/7
  4097 | D:6      | Reached skill level 10 in Unarmed Combat
  4145 | D:6      | Noticed Blork the orc
  4146 | D:6      | Found Jassox's Armour Boutique.
  4161 | D:6      | Killed Blork the orc
  4402 | D:6      | Found a runed translucent door.
  4403 | D:6      | Noticed Crazy Yiuf
  4436 | D:6      | Reached skill level 11 in Unarmed Combat
  4824 | D:6      | Killed Crazy Yiuf
  5259 | D:7      | Found a shimmering altar of Xom.
  5300 | D:7      | Reached XP level 9. HP: 53/80 MP: 8/8
  5383 | D:7      | Found a staircase to the Ecumenical Temple.
  5422 | D:7      | Found a burning altar of Makhleb.
  5422 | D:7      | Found the +10 morningstar "Eos" {elec, Halo rElec}
  5424 | D:7      | Received a gift from Nemelex Xobeh
  5502 | D:7      | Reached skill level 12 in Unarmed Combat
  5562 | D:7      | Noticed Joseph
  5571 | D:7      | Killed Joseph
  5572 | D:7      | Reached skill level 5 in Shields
  5733 | D:7      | Killed an unseen horror
  5777 | D:7      | Reached skill level 13 in Unarmed Combat
  5786 | D:7      | Reached XP level 10. HP: 84/88 MP: 9/9
  6273 | Temple   | Entered the Ecumenical Temple
  6401 | D:8      | Found a hide-covered altar of Uskayaw.
  6559 | D:8      | Reached **** piety under Nemelex Xobeh
  6640 | D:8      | Received a gift from Nemelex Xobeh
  6676 | D:8      | Found a shadowy altar of Dithmenos.
  6894 | D:8      | Found Xefixkei's Antique Armour Shop.
  6902 | D:8      | Bought an embroidered scarf for 184 gold pieces
  6920 | D:8      | Found a broken altar of Ashenzari.
  7067 | D:8      | Received a gift from Nemelex Xobeh
  7564 | D:9      | Found a flagged portal.
  7577 | D:9      | Identified 3 scrolls of acquirement
  7577 | D:9      | Acquired 1202 gold pieces
  7579 | D:9      | Acquired 1179 gold pieces
  7581 | D:9      | Acquired 728 gold pieces
  7584 | Bailey   | Entered a bailey
  7988 | D:9      | Noticed Grum
  7991 | D:9      | Reached skill level 14 in Unarmed Combat
  8001 | D:9      | Killed Grum
  8048 | D:9      | Noticed a two-headed ogre
  8054 | D:9      | Killed a two-headed ogre
  8200 | D:9      | Noticed a two-headed ogre
  8207 | D:9      | Killed a two-headed ogre
  8208 | D:9      | Reached XP level 11. HP: 94/94 MP: 10/10
  8308 | D:9      | Received a gift from Nemelex Xobeh
  8342 | D:9      | Paralysed by a hornet for 2 turns
  8396 | D:9      | Found a stormy altar of Qazlal.
  8479 | D:9      | Found an ornate altar of the Wu Jian Council.
  8574 | D:9      | Found an ancient bone altar of Kikubaaqudgha.
  8808 | D:10     | Entered Level 10 of the Dungeon
  8838 | D:10     | Noticed a two-headed ogre
  8846 | D:10     | Killed a two-headed ogre
  8889 | D:10     | Reached ***** piety under Nemelex Xobeh
  8889 | D:10     | Received a gift from Nemelex Xobeh
  9079 | D:10     | Found an opulent altar of Gozag.
  9152 | D:10     | Received a gift from Nemelex Xobeh
  9153 | D:10     | Acquired a manual of Dodging
  9464 | D:10     | Noticed an orange crystal statue
  9475 | D:10     | Identified the +4 storm dragon scales "Seih" {rElec rC-
                  | SInv Stlth+}
  9679 | D:10     | Found a snail-covered altar of Cheibriados.
  9688 | D:10     | Fell from the grace of Nemelex Xobeh
  9688 | D:10     | Became a worshipper of Cheibriados the Contemplative
  9801 | D:10     | Acquired 1008 gold pieces
  9803 | D:10     | You fall into a shaft and drop 3 floors!
  9816 | D:13     | Noticed a boulder beetle
  9842 | D:13     | Killed a boulder beetle
  9895 | D:13     | Found a portal to a secret trove of treasure.
  9963 | D:11     | Reached skill level 1 in Armour
 10060 | D:11     | Noticed Snorg
 10112 | D:11     | Killed Snorg
 10113 | D:11     | Reached skill level 15 in Unarmed Combat
 10136 | D:11     | Reached * piety under Cheibriados
 10193 | D:11     | Noticed a purple ugly thing
 10194 | D:11     | Noticed Maurice
 10208 | D:11     | Killed a purple ugly thing
 10214 | D:11     | Killed Maurice
 10265 | D:11     | Found a staircase to the Orcish Mines.
 10449 | D:11     | Found a staircase to the Lair.
 10608 | D:11     | Noticed Harold
 10619 | D:11     | Killed Harold
 10651 | D:11     | Noticed a boulder beetle
 10661 | D:11     | Killed a boulder beetle
 10662 | D:11     | Reached XP level 12. HP: 107/107 MP: 11/11
 10737 | D:12     | Reached skill level 5 in Dodging
 10743 | D:12     | Reached skill level 10 in Shields
 10822 | D:12     | You fall into a shaft and drop 2 floors!
 10840 | D:14     | Found Ohey's Armour Shop.
 10843 | D:14     | Bought the +10 tower shield of Ignorance {rN+ Int-4} for
                  | 687 gold pieces
 10843 | D:14     | Found the +10 tower shield of Ignorance {rN+ Int-4}
 10872 | D:14     | Found Ystryfa's Antique Armour Shoppe.
 10877 | D:14     | Noticed a tengu warrior
 10881 | D:14     | Killed a tengu warrior
 10924 | D:14     | Noticed a centaur warrior
 10928 | D:14     | Killed a centaur warrior
 11022 | D:14     | Noticed a centaur warrior
 11022 | D:14     | Noticed a catoblepas
 11026 | D:14     | Killed a centaur warrior
 11039 | D:14     | Noticed a centaur warrior
 11040 | D:14     | Killed a catoblepas
 11040 | D:14     | Reached ** piety under Cheibriados
 11041 | D:14     | Found Jaug's Book Shop.
 11041 | D:14     | Noticed a boulder beetle
 11064 | D:14     | Reached skill level 16 in Unarmed Combat
 11103 | D:14     | Killed a centaur warrior
 11125 | D:14     | Killed a boulder beetle
 11177 | D:14     | Identified the +0 chain mail of the Jackalope {Rampage}
 11181 | D:14     | Found Gisu's General Store.
 11239 | D:14     | Reached skill level 5 in Fighting
 11318 | D:14     | Noticed a centaur warrior
 11320 | D:14     | Killed a centaur warrior
 11376 | D:14     | Noticed a tengu warrior
 11385 | D:14     | Killed a tengu warrior
 11672 | D:14     | Found Ser Zire's Weapon Shoppe.
 12052 | D:13     | Noticed Sonja
 12062 | D:13     | Killed Sonja
 12292 | D:13     | Reached XP level 13. HP: 113/114 MP: 12/12
 12295 | D:13     | Reached *** piety under Cheibriados
 12430 | D:13     | Noticed Erolcha
 12435 | D:13     | Killed Erolcha
 12591 | D:13     | Reached skill level 5 in Armour
 12651 | D:13     | Found a gate to the Vaults.
 12849 | D:12     | Reached skill level 17 in Unarmed Combat
 12999 | D:12     | Noticed Urug
 13003 | D:12     | Killed Urug
 13391 | D:12     | Reached **** piety under Cheibriados
 13869 | Lair:1   | Entered Level 1 of the Lair of Beasts
 14271 | Lair:1   | Reached ***** piety under Cheibriados
 14724 | Lair:2   | Paralysed by a floating eye for 3 turns
 14732 | Lair:2   | Paralysed by a floating eye for 4 turns
 14734 | Lair:2   | Slain by a komodo dragon

Illustrated notes

Levels and vault maps discovered:
D:1:      mrwooster_arrival_statue_2, layout_loops_corners,
          basic_ecumenical_altar
D:2:      layout_basic
D:3:      layout_rooms, ebering_ghost_sewer_d, kennysheep_generic_room_10,
          uniq_terence
D:4:      layout_cave_pools, trog_butcher_becter, portal_sewer_entry_d,
          uniq_eustachio
D:5:      layout_gridville, hangedman_ru_absence, grunt_temple_overflow_holy_war
D:6:      layout_basic, kennysheep_diamond, uniq_crazy_yiuf_cottage,
          uniq_blork_the_orc
D:7:      minmay_polygon_palace, layout_loops_ring,
          mainiacjoe_overflow_surrounded_room, bloody_makhleb,
          lemuel_temple_firewalk_a, minmay_statues_item, grunt_ministairs_12,
          uniq_joseph
D:8:      layout_layer_cave, eat_drink_and_be_merry_uskayaw,
          nicolae_dithmenos_through_a_glass_darkly, lemuel_tele_altar,
          serial_shops, shop_fountains
D:9:      layout_roguey, nicolae_qazlal_eye_of_the_storm,
          pdpol_wu_jian_five_deadly_venoms, lemuel_coloured_pillars_altar,
          enter_bailey_2, uniq_grum
D:10:     layout_roguey, slow_altar_2,
          mainiacjoe_overflow_concentric_impassable, minmay_protected_statue
D:11:     layout_small_grid, due_lair_maze_entry_diamond, orc_0_dummy,
          uniq_harold, uniq_maurice, uniq_snorg
D:12:     layout_basic, grunt_ministairs_4, st_stairs_2, uniq_urug
D:13:     layout_gridville, david_vaults_5, nicolae_trove_entry_free_sample,
          roderic_nine_men_s_morris, uniq_sonja, uniq_erolcha
D:14:     minmay_statue_hallways, layout_cave_pods, serial_shops, shop, shop,
          shop, shop, nicolae_shop_behind_doors, kennysheep_flooded_box,
          kennysheep_generic_room_6
Temple:   nicolae_temple_ecumenical_triangle
Lair:1:   layout_roguey
Lair:2:   layout_roguey, disabler_island

Skill      XL: |  1  2  3  4  5  6  7  8  9 10 11 12 13 |
---------------+----------------------------------------+-----
Unarmed Combat | 3 4 5 6 7 9 11 13 14 15 16 17 | 17.6
Shields        | 3 6 8 9 10 11 | 11.3
Armour         | 2 4 5 |  5.8
Dodging        | 4 7 8 |  8.8
Fighting       | 3 5 6 |  6.5

Action                   |  1- 3 |  4- 6 |  7- 9 | 10-12 | 13-15 || total
-------------------------+-------+-------+-------+-------+-------++-------
Melee: Unarmed           |   102 |   121 |   223 |   474 |   218 ||  1138
Invok: Draw Escape       |       |       |       |     1 |       ||     1
       Bend Time         |       |       |       |       |     1 ||     1
  Use: Scroll            |       |       |    14 |    23 |       ||    37
       Potion            |       |       |       |     3 |       ||     3
Armor: Robe              |    25 |    29 |    39 |    26 |       ||   119
       Troll leather arm |       |       |       |    65 |       ||    65
       Storm dragon scal |       |       |       |    75 |    46 ||   121
       Steam dragon scal |       |       |       |     7 |       ||     7
Dodge: Dodged            |    22 |    24 |    66 |   112 |    29 ||   253
Block: Kite shield       |    63 |    67 |   138 |   294 |       ||   562
       Reflection        |     1 |       |     4 |    42 |    13 ||    60
       Tower shield      |       |       |       |   185 |   319 ||   504

Table legend: (Time is in decaauts)
 A = Elapsed time spent in this place.
 B = Non-inter-level travel time spent in this place.
 C = Inter-level travel time spent in this place.
 D = Time resting spent in this place.
 E = Time spent auto-exploring this place.
 F = Levels seen in this place.
 G = Mean time per level.
                   A        B        C        D        E       F      G
               +--------+--------+--------+--------+--------+-----+--------+
         Total |  16743 |  15808 |    935 |   1005 |  11957 |  19 |  881.2 |
       Dungeon |  14866 |  13952 |    914 |    913 |  10595 |  14 | 1061.9 |
        Temple |     45 |     28 |     17 |      0 |     21 |   1 |   45.0 |
          Lair |   1326 |   1323 |      3 |     31 |   1101 |   2 |  663.0 |
         Sewer |    134 |    134 |      0 |      0 |     71 |   1 |  134.0 |
        Bailey |    368 |    368 |      0 |     61 |    168 |   1 |  368.0 |
               +--------+--------+--------+--------+--------+-----+--------+

Top non-repeatable levels by time:
    D:12: 1717 daAuts
    D:14: 1658 daAuts
  Lair:1: 1309 daAuts
    D:13: 1241 daAuts
     D:6: 1229 daAuts
     D:7: 1182 daAuts
     D:8: 1158 daAuts
    D:10: 1002 daAuts
    D:11: 994 daAuts
     D:2: 894 daAuts
     D:1: 887 daAuts
     D:9: 860 daAuts
     D:5: 855 daAuts
     D:3: 636 daAuts
     D:4: 544 daAuts
